[Event "*** Titled Tuesday Blitz"]
[Site "Chess.com"]
[Date "2019.06.04"]
[Round "6"]
[White "maciek_92"]
[Black "Shant_Sargsyan"]
[Result "1-0"]
[WhiteElo "2705"]
[BlackElo "3011"]
[TimeControl "180+2"]
[EndTime "14:23:07 PDT"]
[Termination "maciek_92 won by resignation"]

1. c4 e5 2. g3 Nf6 3. Nc3 d5 4. cxd5 Nxd5 5. Bg2 Nb6 6. e3 c6 7. Nf3 Bg4 8. O-O Be7 9. d4 exd4 10. Qxd4 Qxd4 11. Nxd4 O-O 12. b3 Bf6 13. Ne4 Be7 14.
h3 Bc8 15. Bb2 Na6 16. Rfd1 Rd8 17. g4 Nb4 18. Ng3 a5 19. Ndf5 Bxf5 20. Nxf5 Bf8 21. a3 Nc2 22. Rac1 Nxa3 23. Nxg7 Nac4 24. bxc4 Bxg7 25.
Bxg7 Kxg7 26. c5 Nd7 27. Rd3 a4 28. Ra3 Ra5 29. Rd1 Raa8 30. Rc1 Kf8 31. Be4 h6 32. Rc4 Ra5 33. Rcxa4 Rxa4 34. Rxa4 Nxc5 35. Rc4 Nxe4 36. Rxe4 b5 37. Kf1 c5 38. Re5 Rc8 39. Ke2 f6 40. Rh5 Kg7 41. Kd2 b4 42. Kc2 c4 43. Rb5 b3+ 44. Kc3 Kf7 45. f4 Ke6 46. e4 Kd6 47. h4 Ke6 48. Rb6+ Kf7 49. Rb7+ Ke6 50. Rb6+ Ke7 51. f5 Rc7 52. Re6+ Kf7 53. Rb6 Kg7 54.
Rb4 Kg8 55. Rb6 Kf7 56. Rb5 Ke8 57. Rb6 Kd8 58. Rb8+ Ke7 59. Rb6 Rc8 60. Re6+ Kf7 61. Rb6 Rc7 62. Rb8 Re7 63. Kxc4 Rxe4+ 64. Kd5 Rxg4 65.
Rb7+ Ke8 66. Ke6 Re4+ 67. Kxf6 Rxh4 68. Rxb3 Rh1 69. Rb8+ Kd7 70. Kf7 h5 71. Rh8 h4 72.
f6 h3 73. Kf8 Rf1 74. f7 Rf3 75. Rh4 Ke6 76. Rh6+ Kf5 77. Kg7 Kg5 78. Rg6+ Kf4 79. Rf6+ Kg3 80. Rxf3+ Kxf3 81. f8=Q+ Kg2 82. Qa8+ Kg1 83.
Qa1+ Kg2 84. Qb2+ Kg3 85. Qc3+ Kg2 86. Qd2+ Kg3 87. Qe3+ Kg2 88. Qe2+ Kg3 89. Qe4 Kh2 90. Qf3 Kg1 91. Qxh3 1-0

[Event "*** Titled Tuesday Blitz"]
[Site "Chess.com"]
[Date "2019.06.04"]
[Round "6"]
[White "dopolian"]
[Black "tan275"]
[Result "1-0"]
[WhiteElo "2262"]
[BlackElo "2181"]
[TimeControl "180+2"]
[EndTime "14:23:38 PDT"]
[Termination "dopolian won by resignation"]

1. c4 e6 2. g3 d5 3. cxd5 exd5 4. Nf3 Nf6 5. Bg2 Be7 6. O-O O-O 7. d4 c6 8. Nc3 Bf5 9. Bf4 Ne4 10. Nxe4 Bxe4 11. Ne5 Bxg2 12. Kxg2 Nd7 13. Nxd7 Qxd7 14. Rb1 a5 15. Qd3 Rfe8 16. a3 a4 17. h4 h6 18.
Rbd1 Bd6 19. Bd2 Re4 20. f3 Re6 21. e4 dxe4 22. fxe4 Rg6 23. Bf4 Bxf4 24. Rxf4 Rd8 25. d5 cxd5 26. exd5 Rd6 27. Rd4 Re8 28. Qf3 Re5 29.
R1d2 Qb5 30. Qd3 Qxd3 31. R4xd3 Kf8 32. Rd4 Ke7 33. Rxa4 Rexd5 34. Rxd5 Rxd5 35. Rb4 b5 36. Kf3 Kd6 37. Ke4 f5+ 38. Kf4 Kc5 39. Rb3 g6 40. Rc3+ Kd6 41. Ke3 Re5+ 42. Kd2 g5 43. Rd3+ Rd5 44.
h5 Rxd3+ 45. Kxd3 Kd5 46. b3 Kc5 47. Kc3 Kd5 48. a4 bxa4 49. bxa4 Kc5 50. Kd3 Kb4 51. Kd4 Kxa4 52. Ke5 f4 53. gxf4 g4 54. Ke4 Kb5 55. f5 Kc5 56. Ke5 g3 57. f6 g2 58. f7 g1=Q 59.
f8=Q+ Kc4 60. Qxh6 Qc5+ 61. Kf6 Qd6+ 62. Kg7 Qe7+ 63.
Kh8 Qd8+ 64. Kh7 Qd3+ 65. Qg6 Qd7+ 66. Qg7 Qf5+ 67. Qg6 Qd7+ 68. Kh8 Qd4+ 69. Qg7 Qh4 70. h6 Kb4 71. Kg8 Qc4+ 72. Qf7 Qg4+ 73. Kf8 Qc8+ 74. Ke7 Qc5+ 75. Kf6 Qf2+ 76. Kg7 Qd4+ 77. Qf6 Qg4+ 78. Kf7 Qc4+ 79. Qe6 Qf4+ 80. Ke8 Qb8+ 81. Kf7 Qf4+ 82.
Kg7 Qg3+ 83. Kf6 Qf4+ 84. Ke7 Qc7+ 85. Kf8 Qf4+ 86. Ke8 Qb8+ 87. Kd7 Qa7+ 88. Kd6 Qc5+ 89. Kd7 Qa7+ 90. Kd8 Qb8+ 91. Ke7 Qa7+ 92. Kf8 Qf2+ 93.
Qf7 Qh4 94. Qe7+ Qxe7+ 95. Kxe7 Kb5 96. h7 1-0

[Event "*** Titled Tuesday Blitz"]
[Site "Chess.com"]
[Date "2019.06.04"]
[Round "6"]
[White "mikhaillushenkov"]
[Black "KazakhFighter04"]
[Result "1/2-1/2"]
[WhiteElo "2720"]
[BlackElo "2632"]
[TimeControl "180+2"]
[EndTime "14:26:31 PDT"]
[Termination "Game drawn - insufficient material"]

1. Nf3 Nf6 2. c4 e6 3. Nc3 d5 4. d4 c5 5. cxd5 Nxd5 6. e3 Nc6 7. Bc4 cxd4 8. exd4 Nxc3 9. bxc3 g6 10. O-O Bg7 11. Ba3 Bf8 12. Bxf8 Kxf8 13. Bb5 Bd7 14. Re1 Kg7 15. Qd2 Qf6 16. Bxc6 Bxc6 17. Ne5 Rac8 18. c4 Rhd8 19. Qe3 b6 20. a4 Qh4 21. f4 Bb7 22. h3 f6 23. Ng4 Rxc4 24. Qxe6 Rc7 25. Kh2 Bd5 26. Qe2 Qh5 27. Rac1 Rf7 28. Qf2 Bb7 29.
Ne3 Qa5 30. f5 Qxa4 31. fxg6 hxg6 32. Qg3 Be4 33. Ng4 Qxd4 34. Rcd1 Qxd1 35. Rxd1 Rxd1 36.
Qf4 Bf5 37. Qh6+ Kg8 38. Ne3 Rdd7 39. h4 Bd3 40. Qf4 Rde7 41. Nd5 Re6 42. Qg3 Be4 43. Nf4 Rc6 44. Nxg6 Rg7 45. Ne7+ Kf7 46. Qe3 Rxg2+ 47. Kh3 Re6 48. Qb3 Kxe7 49. Qa3+ Kf7 50. Qxa7+ Re7 51. Qxb6 Rg8 52. Qb3+ Re6 53. Qc4 Bf5+ 54. Kh2 Rg4 55. Qc7+ Re7 56. Qd6 Rxh4+ 57. Kg3 Rhe4 58. Qd5+ Kg6 59.
Qg8+ Kh6 60. Qf8+ Rg7+ 61. Kf3 Re6 62. Kf4 Kg6 63. Qa8 Re4+ 64. Kf3 Re5 65. Kf4 Re4+ 66.
Kf3 Re5 67. Kf4 Be6 68. Qg2+ Kf7 69. Qb7+ Kg6 70. Qg2+ Rg5 71. Qe4+ Kf7 72. Qb7+ Kg8 73. Qa8+ Kh7 74. Qh1+ Kg6 75. Qe4+ Rf5+ 76. Ke3 Re7 77.
Qg2+ Rg5 78. Qf2 Bd5+ 79. Kd4 Re4+ 80. Kc3 Rc4+ 81. Kd3 Rcg4 82. Kc3 Rf5 83. Qh2 Rf3+ 84. Kd2 Rfg3 85. Qh8 Ra4 86. Qe8+ Bf7 87. Qxa4 Rg5 88. Ke3 Re5+ 89. Kd4 Kg7 90. Qa7 Rg5 91. Ke3 Re5+ 92.
Kf4 Rg5 93. Qf2 Kg6 94. Qc2+ Kg7 95. Qe4 Rc5 96. Qe7 Rd5 97. Qc7 Kg6 98. Qc2+ Kg7 99.
Qg2+ Kf8 100. Qb2 Ke7 101. Qb7+ Rd7 102. Qb4+ Ke8 103. Kf5 Kd8 104. Kxf6 Kc8 105. Qb6 Rc7 106. Ke5 Rd7 107. Qc6+ Kd8 108. Qa8+ Kc7 109. Qa5+ Kc6 110. Kf6 Kb7 111. Qb5+ Kc7 112. Qc5+ Kd8 113. Qb6+ Kc8 114. Kg7 Bd5+ 115. Kf8 Rd8+ 116. Ke7 Rd7+ 117. Ke8 Bf7+ 118. Kf8 Bd5 119. Qc5+ Kb7 120. Ke8 Bc6 121. Kf8 Kc7 122. Qa7+ Kd6 123. Qb8+ Kd5 124. Qb3+ Kc5 125. Qc3+ Kb6 126. Qb4+ Kc7 127. Kg8 Kc8 128. Qb6 Bd5+ 129. Kf8 Bf7 130. Kg7 Rb7 131. Qc6+ Kb8 132. Qd6+ Rc7 133. Kf6 Kb7 134. Qb4+ Kc8 135. Ke5 Rd7 136. Qb6 Rd5+ 137. Kf6 Rd7 138. Qc6+ Kd8 139. Qa8+ Kc7 140. Qa7+ Kc8 141. Qxd7+ Kxd7 1/2-1/2

[Event "*** Titled Tuesday Blitz"]
[Site "Chess.com"]
[Date "2019.06.04"]
[Round "7"]
[White "Shant_Sargsyan"]
[Black "Astaneh"]
[Result "0-1"]
[WhiteElo "2996"]
[BlackElo "2617"]
[TimeControl "180+2"]
[EndTime "14:28:31 PDT"]
[Termination "Astaneh won by resignation"]

1. b3 e5 2. Bb2 Nc6 3. e3 Nf6 4.
Nf3 Bd6 5. Na3 e4 6. Ng1 Be5 7. c3 d5 8. h3 O-O 9. Ne2 Re8 10. Nc2 Nd7 11. Ng3 Bxg3 12. fxg3 Qg5 13. g4 Qh4+ 14.
Ke2 Nde5 15. Qe1 Bxg4+ 16. hxg4 Qxh1 17. Qg3 Nd3 18. Ba3 Re6 19. g5 Qh5+ 0-1

[Event "*** Titled Tuesday Blitz"]
[Site "Chess.com"]
[Date "2019.06.04"]
[Round "7"]
[White "fm_magua"]
[Black "Kawhi_Leonard2"]
[Result "0-1"]
[WhiteElo "2485"]
[BlackElo "2302"]
[TimeControl "180+2"]
[EndTime "14:28:42 PDT"]
[Termination "Kawhi_Leonard2 won by checkmate"]

1. e4 c5 2. Nf3 d6 3. d4 cxd4 4. Nxd4 Nf6 5. Nc3 g6 6. Be3 Bg7 7. f3 Nc6 8. Qd2 O-O 9. g4 Be6 10. O-O-O Nxd4 11. Bxd4 Qa5 12. a3 Rfc8 13. h4 Rab8 14. h5 b5 15. hxg6 hxg6 16. Qg5 Qc7 17. e5 Ne4 18. fxe4 dxe5 19. Be3 b4 20. axb4 Rxb4 21.
Rd2 Rxb2 22. Kxb2 Qxc3+ 23. Kb1 Rb8+ 24. Kc1 Qa1# 0-1

[Event "*** Titled Tuesday Blitz"]
[Site "Chess.com"]
[Date "2019.06.04"]
[Round "7"]
[White "kintoho"]
[Black "mikhaillushenkov"]
[Result "1/2-1/2"]
[WhiteElo "2552"]
[BlackElo "2716"]
[TimeControl "180+2"]
[EndTime "14:29:09 PDT"]
[Termination "Game drawn by repetition"]

1. e4 e6 2. d4 d5 3. exd5 exd5 4. c4 Nf6 5. Nc3 Bb4 6. Bd3 dxc4 7. Bxc4 O-O 8. Nf3 Re8+ 9. Be3 Be6 10. Bxe6 Rxe6 11.
O-O Nbd7 12. Qb3 Bxc3 13. bxc3 Rb6 14. Qa3 Ra6 15. Qb3 Rb6 16. Qc4 Rc6 17. Qb3 Rb6 1/2-1/2

[Event "*** Titled Tuesday Blitz"]
[Site "Chess.com"]
[Date "2019.06.04"]
[Round "7"]
[White "colemman"]
[Black "MFBerna"]
[Result "1-0"]
[WhiteElo "2587"]
[BlackElo "2369"]
[TimeControl "180+2"]
[EndTime "14:30:45 PDT"]
[Termination "colemman won by resignation"]

1. d4 d5 2. Nf3 Nf6 3. Nbd2 c5 4. e3 Nc6 5. c3 e6 6. Bd3 Bd6 7. Qe2 O-O 8. dxc5 Bxc5 9. O-O e5 10. e4 Bg4 11. exd5 Nxd5 12. Nb3 Bb6 13. Rd1 Qf6 14. Bxh7+ Kxh7 15. Rxd5 Rad8 16. Rxd8 Rxd8 17. Bg5 Bxf3 18. Qc2+ Qg6 19. Qxg6+ Kxg6 20. Bxd8 Bxd8 21. gxf3 Bb6 22. Rd1 Nd8 23. c4 Ne6 24. Rd7 Nf4 25. c5 1-0

[Event "*** Titled Tuesday Blitz"]
[Site "Chess.com"]
[Date "2019.06.04"]
[Round "7"]
[White "Denis_Palkovich"]
[Black "TheGandhiOfChess"]
[Result "1-0"]
[WhiteElo "2231"]
[BlackElo "2381"]
[TimeControl "180+2"]
[EndTime "14:30:51 PDT"]
[Termination "Denis_Palkovich won by resignation"]

1. d4 Nf6 2. Bf4 d5 3. e3 c5 4.
c3 Nc6 5. Nd2 e6 6. Ngf3 cxd4 7.
exd4 Nh5 8. Bg5 f6 9. Be3 Bd6 10. g3 g6 11. Bg2 O-O 12. O-O f5 13. Bg5 Qb6 14. Qb3 Nf6 15. Qxb6 axb6 16. a3 Ne4 17. Nxe4 fxe4 18. Nd2 Kg7 19. Rae1 h6 20. Be3 Na5 21. f3 exf3 22. Rxf3 Bd7 23. Ref1 Bb5 24. Rxf8 Rxf8 25.
Rxf8 Bxf8 26. Bf4 Nc4 27. Nxc4 Bxc4 28. Bc7 b5 29. Kf2 Kf6 30. Bh3 Bd3 31. Ke3 Bf5 32.
Bf1 h5 33. Bxb5 Bh6+ 34. Bf4 g5 35. Be5+ Ke7 36. a4 h4 37. gxh4 gxh4+ 38. Bf4 Bg7 39.
Bg5+ Kd6 40. Bxh4 e5 1-0

[Event "*** Titled Tuesday Blitz"]
[Site "Chess.com"]
[Date "2019.06.04"]
[Round "7"]
[White "bracuarta"]
[Black "Aragon"]
[Result "1-0"]
[WhiteElo "2113"]
[BlackElo "2063"]
[TimeControl "180+2"]
[EndTime "14:31:01 PDT"]
[Termination "bracuarta won by resignation"]

1. d4 d5 2. c4 e6 3. Nc3 c6 4. Nf3 dxc4 5. a4 Bb4 6. e4 b5 7.
Bd2 Nf6 8. e5 Bxc3 9. bxc3 Nd5 10.
axb5 cxb5 11. Ng5 b4 12. Qh5 Qe7 13. Bxc4 bxc3 14. Bc1 Nc6 15. Ba3 Qd7 16. Nxh7 Kd8 17. Qg5+ f6 18. exf6 gxf6 19. Nxf6 1-0

[Event "*** Titled Tuesday Blitz"]
[Site "Chess.com"]
[Date "2019.06.04"]
[Round "7"]
[White "Grandelicious"]
[Black "Blitzstream"]
[Result "1-0"]
[WhiteElo "2785"]
[BlackElo "2692"]
[TimeControl "180+2"]
[EndTime "14:31:09 PDT"]
[Termination "Grandelicious won by resignation"]

1. e4 d5 2. exd5 Qxd5 3. Nc3 Qa5 4. d4 Nf6 5. Bc4 Bg4 6. Ne2 e6 7. Bd2 Qb6 8. O-O c6 9. h3 Bh5 10. Bb3 Nbd7 11. Qe1 Bd6 12. Nf4 O-O-O 13. Nxh5 Nxh5 14. Ne4 Bc7 15. Be3 Qa5 16. Nd6+ Kb8 17. Qxa5 Bxa5 18. Nxf7 1-0

[Event "*** Titled Tuesday Blitz"]
[Site "Chess.com"]
[Date "2019.06.04"]
[Round "7"]
[White "PNEPaul"]
[Black "ChessWarrior7197"]
[Result "0-1"]
[WhiteElo "1843"]
[BlackElo "2828"]
[TimeControl "180+2"]
[EndTime "14:31:24 PDT"]
[Termination "ChessWarrior7197 won by resignation"]

1. e4 c5 2. d4 cxd4 3. c3 dxc3 4. Nxc3 Nc6 5. Nf3 g6 6. Bc4 Bg7 7. Bg5 d6 8. Qb3 Kf8 9. O-O Na5 10. Qb4 Nxc4 11. Qxc4 h6 12. Be3 Nf6 13. h3 Kg8 14.
Rfd1 Qe8 15. Rac1 Kh7 16. Qe2 b6 17. b3 Bb7 18. Nd2 Rc8 19. f3 Qd7 20. Nd5 Bxd5 21. exd5 Nxd5 22. Bf2 Nc3 0-1

[Event "*** Titled Tuesday Blitz"]
[Site "Chess.com"]
[Date "2019.06.04"]
[Round "7"]
[White "HanSchut"]
[Black "Caisachess"]
[Result "1-0"]
[WhiteElo "2191"]
[BlackElo "2400"]
[TimeControl "180+2"]
[EndTime "14:31:29 PDT"]
[Termination "HanSchut won by resignation"]

1. e4 e5 2. Nf3 Nc6 3. Bc4 Bc5 4. b4 Bxb4 5. c3 Ba5 6. d4 exd4 7. O-O Nge7 8. Ng5 d5 9. exd5 Ne5 10. Qxd4 Nxc4 11. Qxg7 Rf8 12. Nxh7 Ng6 13. Re1+ Kd7 14. Nf6+ Kd6 15.
Ne4+ Kd7 16. Bg5 Ne7 17. Nc5+ Kd6 18. Bxe7+ Qxe7 19. Rxe7 Kxe7 20. Qd4 Nd6 21. Nd2 Bf5 22.
Re1+ Kd8 23. Qf6+ Kc8 24. Nc4 Nxc4 25. Qxf5+ 1-0

[Event "*** Titled Tuesday Blitz"]
[Site "Chess.com"]
[Date "2019.06.04"]
[Round "7"]
[White "Niclox"]
[Black "ruvat"]
[Result "1-0"]
[WhiteElo "2636"]
[BlackElo "2368"]
[TimeControl "180+2"]
[EndTime "14:31:33 PDT"]
[Termination "Niclox won by checkmate"]

1. e4 d6 2. d4 Nf6 3. Nc3 g6 4.
Bg5 Bg7 5. e5 Nfd7 6. f4 O-O 7. h4 Nb6 8. h5 f6 9. hxg6 fxg5 10.
Qh5 hxg6 11. Qh7+ Kf7 12. Nf3 Rg8 13. Nxg5+ Kf8 14. Qxg6 Qe8 15. Nh7# 1-0

[Event "*** Titled Tuesday Blitz"]
[Site "Chess.com"]
[Date "2019.06.04"]
[Round "7"]
[White "OglazaOskar2005"]
[Black "gena217"]
[Result "0-1"]
[WhiteElo "2222"]
[BlackElo "2902"]
[TimeControl "180+2"]
[EndTime "14:31:42 PDT"]
[Termination "gena217 won by resignation"]

1. e4 c6 2. d4 d5 3. Nc3 a6 4.
Nf3 Bg4 5. Be2 e6 6. O-O Nf6 7. e5 Nfd7 8. Ne1 Bf5 9. Be3 c5 10. g4 Bg6 11. f4 cxd4 12. Bxd4 Nc6 13. Bf2 Be7 14. Nf3 O-O 15. h4 h5 16. gxh5 Bxh5 17.
Ng5 Bg6 18. Bd3 Ndxe5 19. fxe5 Bxg5 20. hxg5 Qxg5+ 21. Kh1 Nxe5 22. Bxg6 fxg6 23. Rg1 Qh6+ 24. Kg2 Rxf2+ 25. Kxf2 Qh2+ 26. Ke3 Nc4+ 27. Kd4 Qf2+ 0-1

[Event "*** Titled Tuesday Blitz"]
[Site "Chess.com"]
[Date "2019.06.04"]
[Round "7"]
[White "ChainsOfFantasia"]
[Black "Oleg_Papayan"]
[Result "0-1"]
[WhiteElo "2491"]
[BlackElo "2558"]
[TimeControl "180+2"]
[EndTime "14:31:43 PDT"]
[Termination "Oleg_Papayan won by resignation"]

1. d4 Nf6 2. c4 e6 3. Nf3 Bb4+ 4. Nbd2 c5 5. a3 Bxd2+ 6. Qxd2 O-O 7. d5 exd5 8. cxd5 d6 9. e3 Bf5 10. Be2 Re8 11. O-O Nbd7 12. Nh4 Ne4 13. Qc2 Qxh4 14. f3 Ndf6 15. fxe4 Bxe4 16. Qa4 Qg5 17. Rf2 Bxd5 18.
e4 Qh4 19. Bb5 Ng4 20. Be3 Rxe4 21. Qd1 Qxh2+ 22. Kf1 Nxe3+ 0-1

[Event "*** Titled Tuesday Blitz"]
[Site "Chess.com"]
[Date "2019.06.04"]
[Round "7"]
[White "BillForster"]
[Black "mitrabhaa"]
[Result "0-1"]
[WhiteElo "1763"]
[BlackElo "2683"]
[TimeControl "180+2"]
[EndTime "14:31:45 PDT"]
[Termination "mitrabhaa won by resignation"]

1. d4 e6 2. c4 Nf6 3. Nc3 Bb4 4. e3 O-O 5. Ne2 d5 6. c5 b6 7. a3 Bxc3+ 8. Nxc3 bxc5 9. dxc5 e5 10.
Be2 c6 11. O-O a5 12. Na4 Bf5 13. Nb6 Ra7 14. Bd2 Nbd7 15. Nxd7 Qxd7 16. b4 a4 17. Rc1 Re8 18. b5 cxb5 19. c6 Qc7 20. Bxb5 Ne4 21. Bb4 Be6 22. Bxa4 Nd6 23. Bb3 Nc4 24. Bc5 Ra5 25. Bxc4 Rxc5 26. Ba2 Rxc6 27. Bxd5 Rxc1 28. Qxc1 Qxc1 29. Rxc1 Bxd5 0-1

[Event "*** Titled Tuesday Blitz"]
[Site "Chess.com"]
[Date "2019.06.04"]
[Round "7"]
[White "Karacsonyi_Gellert"]
[Black "cool4chess"]
[Result "0-1"]
[WhiteElo "2526"]
[BlackElo "2366"]
[TimeControl "180+2"]
[EndTime "14:31:47 PDT"]
[Termination "cool4chess won by resignation"]

1. e4 e5 2. Nf3 Nc6 3. Bb5 a6 4. Bxc6 dxc6 5. O-O f6 6. d4 exd4 7. Nxd4 c5 8. Nb3 Qxd1 9. Rxd1 Bg4 10. f3 Bd7 11.
Bf4 O-O-O 12. Nc3 b6 13. Nd5 Bd6 14. Bxd6 cxd6 15. Nxb6+ Kc7 16. Nd5+ Kb8 17. Rd2 Nh6 18. Rad1 Nf7 19. Na5 Ka7 20. Nc4 Bb5 21. Nce3 Kb7 22. Nc3 Bd7 23. Nc4 Bc6 24. Nxd6+ Nxd6 25. Rxd6 Rxd6 26. Rxd6 Kc7 27. Rd2 Rb8 28. b3 a5 29.
Kf2 a4 30. Nd5+ Bxd5 31. Rxd5 axb3 32. Ke3 b2 33. Rxc5+ Kd6 34. Rd5+ Kc6 35. Rd1 b1=Q 36. Rxb1 Rxb1 37. f4 Rb2 0-1

[Event "*** Titled Tuesday Blitz"]
[Site "Chess.com"]
[Date "2019.06.04"]
[Round "7"]
[White "BvsN"]
[Black "Quiet_Desperation"]
[Result "1-0"]
[WhiteElo "2286"]
[BlackElo "2419"]
[TimeControl "180+2"]
[EndTime "14:31:53 PDT"]
[Termination "BvsN won by resignation"]

1. d4 Nf6 2. c4 e6 3. Nc3 Bb4 4. f3 d5 5. a3 Be7 6. e4 dxe4 7. fxe4 e5 8. d5 Bc5 9. Nf3 Bg4 10. Bd3 a5 11. h3 Bh5 12. Bd2 Nbd7 13. g4 Bg6 14. Qe2 c6 15. h4 h5 16. g5 Ng4 17. Rf1 O-O 18. O-O-O Rc8 19. Kb1 Qe7 20. Nh2 Nxh2 21. Qxh2 Bd4 22. Qg2 Nc5 23. Bc2 cxd5 24. Nxd5 Qd6 25.
Be3 b5 26. Bxd4 exd4 27. Rxd4 bxc4 28. Nf6+ Qxf6 29. gxf6 Rfd8 30. Rxd8+ Rxd8 31. fxg7 c3 32. Qg5 Rb8 33. Qxc5 Rxb2+ 1-0

[Event "*** Titled Tuesday Blitz"]
[Site "Chess.com"]
[Date "2019.06.04"]
[Round "7"]
[White "Eliwood44"]
[Black "pedroholly22"]
[Result "0-1"]
[WhiteElo "2352"]
[BlackElo "2291"]
[TimeControl "180+2"]
[EndTime "14:31:59 PDT"]
[Termination "pedroholly22 won by resignation"]

1. d4 Nf6 2. Nf3 g6 3. Nc3 Bg7 4. e4 O-O 5. h3 c5 6. d5 d6 7.
a4 e6 8. Be2 exd5 9. exd5 Re8 10. O-O Ne4 11. Nxe4 Rxe4 12. Ra3 Na6 13. Bd3 Re8 14.
Bg5 Bf6 15. Bxf6 Qxf6 16. Bb5 Re7 17. c3 Nc7 18. Bc4 b6 19. Qd3 Bf5 20. Qd2 Bxh3 21.
a5 b5 22. Ba2 Re4 23. Ng5 Bxg2 24. Nxe4 Bxe4 25. c4 bxc4 26. Bxc4 Re8 27. Re3 Re5 28. Rfe1 Rg5+ 29. Rg3 Qf3 30. Rxe4 Rxg3+ 31. fxg3 Qxe4 32. Ba2 c4 33. Qf2 Nxd5 34. Qxa7 Ne3 35. Qa8+ Qxa8 0-1

[Event "*** Titled Tuesday Blitz"]
[Site "Chess.com"]
[Date "2019.06.04"]
[Round "7"]
[White "riconaipe"]
[Black "vladimirdamjanovic"]
[Result "0-1"]
[WhiteElo "2571"]
[BlackElo "2506"]
[TimeControl "180+2"]
[EndTime "14:32:03 PDT"]
[Termination "vladimirdamjanovic won by resignation"]

1. d4 Nf6 2. c4 c5 3. d5 b5 4. f3 d6 5. e4 g6 6. cxb5 a6 7. Nc3 Bg7 8. Be3 O-O 9. Qd2 Nbd7 10. a4 Qa5 11. Nh3 Nb6 12. Nf2 axb5 13. Bxb5 Ba6 14. Bxa6 Qxa6 15. b3 Rfb8 16. Nfd1 Nfd7 17. Kf2 Ne5 18.
g3 c4 19. a5 cxb3 20. Bxb6 Rxb6 21. axb6 Qxa1 22. Kg2 Nc4 23. Ne3 Qxh1+ 24. Kxh1 Nxd2 25. Na4 Rxa4 26. b7 Rb4 0-1

[Event "*** Titled Tuesday Blitz"]
[Site "Chess.com"]
[Date "2019.06.04"]
[Round "7"]
[White "DanielMieles1985"]
[Black "PaulfromSPb"]
[Result "0-1"]
[WhiteElo "2631"]
[BlackElo "2673"]
[TimeControl "180+2"]
[EndTime "14:32:04 PDT"]
[Termination "PaulfromSPb won by resignation"]

1. d4 d5 2. c4 dxc4 3. Nf3 a6 4. e3 Nf6 5. Bxc4 e6 6. Kf1 c5 7. a4 Nc6 8. Nc3 Be7 9. g3 O-O 10. Kg2 b6 11. d5 Na5 12. Ba2 c4 13. e4 exd5 14. e5 Bb7 15. exf6 Bxf6 16. Re1 d4 17. Ne4 Re8 18. Nxf6+ Qxf6 19. Rxe8+ Rxe8 20. h4 Re1 21.
Qxe1 Qxf3+ 22. Kf1 Qh1+ 23. Ke2 Bf3+ 24. Kd2 c3+ 25.
bxc3 dxc3+ 26. Ke3 Qxe1+ 27. Kxf3 c2 28. Bd5 Qc3+ 0-1

[Event "*** Titled Tuesday Blitz"]
[Site "Chess.com"]
[Date "2019.06.04"]
[Round "7"]
[White "LiamVrolijk"]
[Black "MatthewG-p4p"]
[Result "1-0"]
[WhiteElo "2755"]
[BlackElo "2780"]
[TimeControl "180+2"]
[EndTime "14:32:05 PDT"]
[Termination "LiamVrolijk won by resignation"]

1. d4 Nf6 2. Bg5 Ne4 3. Bf4 c5 4. f3 Nf6 5. dxc5 Na6 6. e4 e6 7. Bxa6 Qa5+ 8. Nc3 Qxa6 9. Bd6 b6 10. Bxf8 Rxf8 11. Qd6 bxc5 12. Qxc5 Rb8 13. O-O-O Qb6 14. Qxb6 Rxb6 15. Nge2 d6 16. Rd4 Ke7 17. Rhd1 Bb7 18. b3 Rc8 19. Kb2 Nd7 20. Na4 Ra6 21. c4 h6 22. Nac3 Ne5 23. Nb5 Rcc6 24. Nec3 Bc8 25.
a3 Rab6 26. Nxa7 Rxc4 27. f4 Rxd4 28. Nxc8+ 1-0

[Event "*** Titled Tuesday Blitz"]
[Site "Chess.com"]
[Date "2019.06.04"]
[Round "7"]
[White "FedaMaster"]
[Black "Babas"]
[Result "1-0"]
[WhiteElo "2571"]
[BlackElo "2390"]
[TimeControl "180+2"]
[EndTime "14:32:06 PDT"]
[Termination "FedaMaster won on time"]

1. e4 e5 2. Nf3 Nf6 3. d4 exd4 4. e5 Ne4 5. Qxd4 d5 6. exd6 Nxd6 7. Nc3 Be7 8. Nd5 O-O 9. Bd3 Re8 10. O-O Bf5 11.
Nxe7+ Qxe7 12. Bg5 f6 13. Rfe1 Qf7 14. Rxe8+ Qxe8 15. Bxf5 Nxf5 16. Qd5+ Kh8 17. Qxf5 fxg5 18. Re1 Qg8 19.
Nxg5 1-0

[Event "*** Titled Tuesday Blitz"]
[Site "Chess.com"]
[Date "2019.06.04"]
[Round "7"]
[White "Rish_97"]
[Black "irregularity"]
[Result "1-0"]
[WhiteElo "2498"]
[BlackElo "2593"]
[TimeControl "180+2"]
[EndTime "14:32:08 PDT"]
[Termination "Rish_97 won by resignation"]

1. Nf3 Nf6 2. g3 d6 3. d4 g6 4. b3 Bg7 5. Bb2 O-O 6. Bg2 b6 7. Ne5 d5 8. c4 Bb7 9. Nc3 c6 10. O-O Nbd7 11. cxd5 cxd5 12. Rc1 e6 13. Nb5 Nxe5 14.
dxe5 Nd7 15. f4 Ba6 16. Nc7 Bb7 17. Nxa8 Qxa8 18. b4 Rd8 19. Qd2 Bf8 20. Rc7 a5 21. a3 Nb8 22. b5 Nd7 23. Rcc1 Nc5 24. Qd1 a4 25. e3 Qa5 26. Qe2 Bc8 27. Bc3 Qa8 28.
Bb4 Bd7 29. Rc2 Rc8 30. Rfc1 Rc7 31. h4 Qe8 32. Bf1 Rb7 33. h5 Ra7 34. hxg6 hxg6 35.
Qh2 Nb3 36. Bxf8 Nxc1 37. Bh6 Nb3 38. Bg5 1-0

[Event "*** Titled Tuesday Blitz"]
[Site "Chess.com"]
[Date "2019.06.04"]
[Round "7"]
[White "tan275"]
[Black "TonRicher"]
[Result "1-0"]
[WhiteElo "2193"]
[BlackElo "2354"]
[TimeControl "180+2"]
[EndTime "14:32:13 PDT"]
[Termination "tan275 won by resignation"]

1. d4 Nf6 2. c4 e6 3. g3 d5 4. Nf3 Be7 5. Bg2 O-O 6. Nc3 dxc4 7. Ne5 Nc6 8. Bxc6 bxc6 9. Nxc6 Qe8 10. Nxe7+ Qxe7 11. Qa4 Bb7 12. f3 c5 13. Qxc4 cxd4 14.
Qxd4 e5 15. Qe3 Qe6 16. O-O Qh3 17. Qf2 e4 18. Bg5 Qf5 19. Bxf6 Qxf6 20. fxe4 Qe5 21.
Qf4 Qd4+ 22. e3 Qb4 23. Nd5 Bxd5 24. exd5 Qxb2 25. d6 Rad8 26. a4 Qb4 27. Qxb4 1-0

[Event "*** Titled Tuesday Blitz"]
[Site "Chess.com"]
[Date "2019.06.04"]
[Round "7"]
[White "Ginger_GM"]
[Black "MasterKroket"]
[Result "1-0"]
[WhiteElo "2552"]
[BlackElo "2345"]
[TimeControl "180+2"]
[EndTime "14:32:21 PDT"]
[Termination "Ginger_GM won by resignation"]

1. e4 c5 2. b4 cxb4 3. a3 d5 4.
exd5 Qxd5 5. Nf3 e5 6. c4 bxc3 7. Nxc3 Qe6 8. Bb5+ Bd7 9. O-O Bd6 10. d4 Ne7 11. dxe5 Bxe5 12. Re1 f6 13. Nxe5 fxe5 14. Qh5+ Ng6 15. Re4 O-O 16. Bc4 1-0

[Event "*** Titled Tuesday Blitz"]
[Site "Chess.com"]
[Date "2019.06.04"]
[Round "7"]
[White "MagnutssCarleson"]
[Black "FERNANDEZL1983"]
[Result "1-0"]
[WhiteElo "2309"]
[BlackElo "2436"]
[TimeControl "180+2"]
[EndTime "14:32:26 PDT"]
[Termination "MagnutssCarleson won by resignation"]

1. a3 d5 2. e3 Nf6 3. Nf3 Nc6 4. b4 a6 5. Bb2 e6 6. c4 dxc4 7. Bxc4 Be7 8. O-O O-O 9. Qc2 Bd6 10. Nc3 b5 11. Bd3 Bxb4 12. Bxh7+ Nxh7 13. axb4 Nxb4 14. Qe4 Nd5 15. Nxb5 Bb7 16. Nbd4 c5 17. Nb3 Nxe3 18. Qxe3 c4 19. Nc5 Bd5 20. Nxa6 f6 21. Nb4 Bxf3 22. Qxf3 Rxa1 23. Rxa1 Qxd2 24. Bc3 Qd7 25. Qe4 Rc8 26. h4 Nf8 27. h5 e5 28.
Nd5 Qf7 29. Bb4 Kh8 30. Ne7 Rb8 31. Ng6+ Nxg6 32. hxg6 f5 33. Qh4+ 1-0

[Event "*** Titled Tuesday Blitz"]
[Site "Chess.com"]
[Date "2019.06.04"]
[Round "7"]
[White "1g41-0"]
[Black "NoGalloNoParty"]
[Result "0-1"]
[WhiteElo "2485"]
[BlackElo "2381"]
[TimeControl "180+2"]
[EndTime "14:32:38 PDT"]
[Termination "NoGalloNoParty won by resignation"]

1. d4 Nf6 2. c4 g6 3. Nc3 d5 4.
Nf3 Bg7 5. Bg5 Ne4 6. Bh4 Nxc3 7. bxc3 dxc4 8. e4 O-O 9. Bxc4 c5 10. O-O Nc6 11. Rb1 cxd4 12. cxd4 Nxd4 13. Nxd4 Qxd4 14. Qxd4 Bxd4 15. Bxe7 Re8 16. Rbd1 Bg7 17. Ba3 Be6 18. Bb5 Red8 19. Be7 Rxd1 20. Rxd1 Bxa2 21. Rd7 a6 22. Bd3 b5 23. Rc7 Be6 24. f4 Rc8 25. Ra7 Bd4+ 26.
Kf1 Bxa7 27. f5 gxf5 28. exf5 Bd5 29. f6 Bc5 30. Bxc5 Rxc5 0-1